 Dungeon Crawl Stone Soup version 0.29.0-4-gdea44cf6ec (webtiles) character file.

Game seed: 12311950384282525924

3748 qw the Blocker (level 9, -1/81 HPs)
             Began as a Troll Cinder Acolyte on Aug 30, 2022.
             Was a Follower of Ignis.
             Slain by a warg (8 damage)
             ... on level 8 of the Dungeon.
             The game lasted 00:03:01 (5900 turns).

qw the Blocker (Troll Cinder Acolyte)               Turns: 5900, Time: 00:03:01

Health: -1/81      AC: 13    Str: 28    XL:     9   Next: 93%
Magic:  9/9        EV:  7    Int: 10    God:    Ignis [*.....]
Gold:   181        SH: 13    Dex:  5    Spells: 10/10 levels left

rFire   + . .      SeeInvis .     - Unarmed
rCold   . . .      Faith    .   b - +0 tower shield
rNeg    . . .      Spirit   .   a - +0 robe
rPois   .          Reflect  .   (helmet restricted)
rElec   .          Harm     .   h - +1 cloak
rCorr   .          Rampage  .   (gloves unavailable)
Will    .....                   (boots unavailable)
Stlth   +.........              j - amulet of regeneration
HPRegen 1.83/turn               (no ring)
MPRegen 0.11/turn               (no ring)

@: fiery-armoured
A: large, unfitting armour, claws 3, regeneration 1, shaggy fur 1, tough skin 1
a: Renounce Religion, Fiery Armour, Foxfire Swarm, Rising Flame


You were on level 8 of the Dungeon.
You worshipped Ignis.
Ignis was aware of your devotion.
You visited 1 branch of the dungeon, and saw 8 of its levels.

You collected 292 gold pieces.
You spent 111 gold pieces at shops.


Innate Abilities, Weirdness & Mutations

You are too large for most types of armour.
You have claws for hands.
Your natural rate of healing is unusually fast.
You are covered in fur. (AC +1)
You have tough skin. (AC +1)


   Skills:
 - Level 3.0 Fighting
 - Level 3.1 Throwing
 - Level 10.0 Shields
 + Level 8.7 Unarmed Combat
 - Level 1.0 Spellcasting
 - Level 2.1 Fire Magic


You had 10 spell levels left.
You didn't know any spells.
Your spell library contained the following spells:

 Spells                   Type           Power      Damage    Failure   Level
 Scorch                   Fire           8%         2d5       65%         2

Inventory:

Missiles
 c - 2 large rocks (quivered)
 d - 6 boomerangs
 k - 2 javelins
Armour
 a - a +0 robe (worn)
 b - a +0 tower shield (worn)
 h - a +1 cloak (worn)
Jewellery
 j - an amulet of regeneration (around neck)
Scrolls
 m - a scroll of identify
Potions
 f - a potion of cancellation
 g - 2 potions of haste
 i - a potion of might
 l - a potion of curing
 n - a potion of mutation
 p - a potion of degeneration {unknown}
 q - a potion of resistance {unknown}
 r - 2 potions of attraction {unknown}

Dungeon Overview and Level Annotations

Branches:
Dungeon (8/15)             Temple (0/1) D:6
   Lair: D:8-11

Altars:

Shops:
D:3 [[!!   D:4 *?:[


Message History

You block the warg's attack. The warg bites you!
The warg is burned by your cloak of flames.
The warg is almost dead.
You block the orc priest's attack. x2; The warg bites you.
The warg is burned by your cloak of flames.
The warg is moderately wounded.
The warg bites you but does no damage.
The warg is burned by your cloak of flames.
The warg is moderately wounded.
The warg bites you!
The warg is burned by your cloak of flames.
The warg is almost dead.
The orc priest hits you with a +0 dagger.
The orc priest is burned by your cloak of flames.
The orc priest is moderately wounded.
The orc priest hits you but does no damage.
The orc priest is burned by your cloak of flames.
The orc priest is almost dead.
You claw the warg!
You kill the warg!
The warg barely misses you. You block the warg's attack.
The orc priest calls upon Beogh to heal the orc priest.
The orc priest's wounds heal themselves!
The orc priest calls down the wrath of Beogh upon you.
Beogh smites you! The warg bites you but does no damage.
The warg is burned by your cloak of flames.
The warg is heavily wounded.
The orc priest calls down the wrath of Beogh upon you.
Beogh smites you!
Your Throwing skill increases to level 3!
You claw the orc priest!
You kill the orc priest!
The warg closely misses you. The warg bites you.
The warg is burned by your cloak of flames.
The warg is heavily wounded.
You block the orc priest's attack.
You barely miss the warg.
The warg is heavily wounded.
The warg bites you!
You die...

##..### ### ###....### ##
.. ###........# ###.##..P
##.........## #........
#...........# ##........
##............##.....(...
#........#######.........
#...'#####... #)%h.......
#...#.....# #)@ho..#
#...#.###.# #.)o$..#
##..#...#.## ##......#
#..###....###.......#
##.#....####...........
####.#...#............#
#.###.#.##.........#
#.....#.###........#
...#####'.# ####......


You could see 2 wargs and 2 orc priests.

Vanquished Creatures
  A two-headed ogre (D:7)
  Grinder (D:3)
  Sigmund (D:3)
  A warg (D:8)
  A sky beast (D:6)
  3 orc warriors
  5 ogres
  A phantom (D:5)
  A kobold brigand (D:6)
  Blork the orc (D:4)
  2 bullfrogs
  3 necrophages
  5 scorpions
  2 howler monkeys (D:6)
  7 orc priests
  A jelly (D:6)
  6 hounds
  3 iguanas
  Natasha (thrice) (D:3)
  11 orc wizards
  An adder (D:2)
  3 gnolls (D:3)
  3 white imps
  2 ufetubi
  A worm (D:2)
  2 dart slugs
  37 orcs
  3 endoplasms
  3 giant cockroaches
  4 goblins
  4 hobgoblins
  9 jackals
  8 kobolds
  2 quokkas (D:1)
  9 ball pythons
  2 bats
  3 frilled lizards
  3 rats
158 creatures vanquished.

Notes
Turn   | Place    | Note
-------+----------+-------------------------------------------
     0 | D:1      | qw the Troll Cinder Acolyte began the quest for the Orb.
     0 | D:1      | Reached XP level 1. HP: 22/22 MP: 1/1
     0 | D:1      | 0 ||| qw: Version: 0.1-a-95-gae9e614
     0 | D:1      | 0 ||| qw: Game counter: 4396
     0 | D:1      | 0 ||| qw: Always use a shield: true
     0 | D:1      | 0 ||| qw: God list: Okawaru
     0 | D:1      | 0 ||| qw: Allow faded altars: false
     0 | D:1      | 0 ||| qw: Do Orc after D:15 true
     0 | D:1      | 0 ||| qw: Do second Lair branch before Depths: true
     0 | D:1      | 0 ||| qw: Lair rune preference: random
     0 | D:1      | 0 ||| qw: Plans: Normal
     0 | D:1      | 0 ||| PLANNING D:1-11
    52 | D:1      | 52 ||| Stepping ~*~*~tactically~*~*~ (outnumbered).
    53 | D:1      | 53 ||| Stepping ~*~*~tactically~*~*~ (outnumbered).
    54 | D:1      | 54 ||| Stepping ~*~*~tactically~*~*~ (outnumbered).
    55 | D:1      | 55 ||| Stepping ~*~*~tactically~*~*~ (outnumbered).
    57 | D:1      | 57 ||| Stepping ~*~*~tactically~*~*~ (outnumbered).
    58 | D:1      | 58 ||| Stepping ~*~*~tactically~*~*~ (outnumbered).
    59 | D:1      | 59 ||| Stepping ~*~*~tactically~*~*~ (outnumbered).
    60 | D:1      | 60 ||| Stepping ~*~*~tactically~*~*~ (outnumbered).
    61 | D:1      | 61 ||| Stepping ~*~*~tactically~*~*~ (outnumbered).
    63 | D:1      | 63 ||| Stepping ~*~*~tactically~*~*~ (outnumbered).
    66 | D:1      | 66 ||| Stepping ~*~*~tactically~*~*~ (outnumbered).
   115 | D:1      | Reached XP level 2. HP: 28/29 MP: 2/2
   127 | D:1      | 127 ||| Stepping ~*~*~tactically~*~*~ (stealth).
   137 | D:1      | You fall into a shaft and drop 1 floor!
   248 | D:2      | 248 ||| READING scroll labelled TILUQI BAMM.
   275 | D:1      | 275 ||| Stepping ~*~*~tactically~*~*~ (hiding).
   593 | D:1      | Found a faded altar of an unknown god.
   679 | D:1      | 679 ||| UPGRADING to +0 tower shield.
   684 | D:1      | 684 ||| READING scroll labelled UFEKLOEREU.
   685 | D:1      | 685 ||| READING scroll labelled TEEHARERITZ.
   686 | D:1      | 686 ||| READING scroll labelled JAZEDE FEAJAPO.
   687 | D:1      | 687 ||| READING scroll labelled QOUTUA OSUY.
   718 | D:2      | Reached XP level 3. HP: 29/36 MP: 3/3
   840 | D:2      | 840 ||| Stepping ~*~*~tactically~*~*~ (stealth).
   850 | D:2      | Reached skill level 1 in Shields
  1269 | D:2      | 1269 ||| UPGRADING to +0 cloak.
  1274 | D:2      | 1274 ||| UPGRADING to amulet of regeneration.
  1279 | D:2      | 1279 ||| DRINKING 2 glowing grey potions.
  1312 | D:2      | 1312 ||| DRINKING 2 ruby potions.
  1313 | D:2      | 1313 ||| DROPPING potion of lignification.
  1413 | D:2      | 1413 ||| READING 2 scrolls of teleportation.
  1414 | D:2      | 1414 ||| STAIRDANCE
  1490 | D:3      | Found Vuut's Armour Shoppe.
  1509 | D:3      | Noticed Natasha
  1511 | D:3      | 1511 ||| Stepping ~*~*~tactically~*~*~ (hiding).
  1516 | D:3      | Killed Natasha
  1517 | D:3      | Reached skill level 2 in Shields
  1517 | D:3      | Reached XP level 4. HP: 44/44 MP: 4/4
  1676 | D:3      | Noticed Natasha
  1677 | D:3      | 1677 ||| Stepping ~*~*~tactically~*~*~ (hiding).
  1678 | D:3      | 1678 ||| Stepping ~*~*~tactically~*~*~ (hiding).
  1692 | D:3      | 1692 ||| INVOKING Fiery Armour.
  1694 | D:3      | Killed Natasha
  1862 | D:3      | Noticed Grinder
  1866 | D:3      | Paralysed by Grinder for 4 turns
  1872 | D:3      | 1872 ||| INVOKING Fiery Armour.
  1873 | D:3      | Paralysed by Grinder for 2 turns
  1878 | D:3      | Killed Grinder
  1879 | D:3      | Reached skill level 4 in Shields
  1879 | D:3      | Reached XP level 5. HP: 26/50 MP: 5/5
  1879 | D:3      | Reached XP level 6. HP: 31/59 MP: 6/6
  1956 | D:3      | Found Vihip's Distillery.
  1964 | D:3      | 1964 ||| SHOPLISTING 2 potions of might (104 gold, have
                  | 69).
  1964 | D:3      | 1964 ||| BUYING potion of curing (39 gold).
  1964 | D:3      | Bought a potion of curing for 39 gold pieces
  2002 | D:3      | 2002 ||| Stepping ~*~*~tactically~*~*~ (stealth).
  2012 | D:3      | 2012 ||| Stepping ~*~*~tactically~*~*~ (stealth).
  2018 | D:3      | 2018 ||| Stepping ~*~*~tactically~*~*~ (hiding).
  2023 | D:3      | 2023 ||| INVOKING Fiery Armour.
  2023 | D:3      | Noticed Sigmund
  2024 | D:3      | 2024 ||| Stepping ~*~*~tactically~*~*~ (outnumbered).
  2026 | D:3      | 2026 ||| Stepping ~*~*~tactically~*~*~ (outnumbered).
  2034 | D:3      | Reached skill level 5 in Shields
  2043 | D:3      | Killed Sigmund
  2249 | D:3      | Found Xengez's Distillery.
  2254 | D:3      | 2254 ||| SHOPLISTING potion of curing (42 gold, have 30).
  2254 | D:3      | 2254 ||| SHOPLISTING potion of might (56 gold, have 30).
  2254 | D:3      | 2254 ||| SHOPLISTING potion of mutation (112 gold, have
                  | 30).
  2254 | D:3      | 2254 ||| SHOPLISTING potion of resistance (140 gold, have
                  | 30).
  2319 | D:3      | Found Qoecles's Antique Armour Shoppe.
  2450 | D:3      | Noticed Natasha
  2451 | D:3      | 2451 ||| Stepping ~*~*~tactically~*~*~ (stealth).
  2452 | D:3      | 2452 ||| Stepping ~*~*~tactically~*~*~ (stealth).
  2453 | D:3      | 2453 ||| Stepping ~*~*~tactically~*~*~ (stealth).
  2458 | D:3      | Killed Natasha
  2459 | D:3      | Reached skill level 6 in Shields
  2459 | D:3      | Reached XP level 7. HP: 66/66 MP: 7/7
  2622 | D:3      | 2622 ||| FLEEEEING.
  2623 | D:3      | 2623 ||| FLEEEEING.
  2624 | D:3      | 2624 ||| FLEEEEING.
  2629 | D:3      | 2629 ||| Stepping ~*~*~tactically~*~*~ (hiding).
  2633 | D:3      | 2633 ||| Stepping ~*~*~tactically~*~*~ (outnumbered).
  2640 | D:3      | 2640 ||| INVOKING Fiery Armour.
  2645 | D:3      | Reached skill level 1 in Throwing
  2809 | D:3      | 2809 ||| READING scroll labelled QIOGIGONLI.
  2810 | D:3      | 2810 ||| READING scroll labelled ATATHOFYEMP.
  2811 | D:3      | 2811 ||| READING scroll labelled KEINAXK UNEI.
  2812 | D:3      | 2812 ||| READING scroll of teleportation.
  2870 | D:2      | 2870 ||| Stepping randomly (stuck).
  2898 | D:3      | 2898 ||| Stepping randomly (stuck).
  2918 | D:4      | Found Faulecoa's Book Shoppe.
  2932 | D:4      | Noticed Blork the orc
  2941 | D:4      | Killed Blork the orc
  2978 | D:4      | Found Etsostroe's General Store.
  3033 | D:4      | 3033 ||| SHOPLISTING potion of heal wounds (55 gold, have
                  | 38).
  3053 | D:4      | 3053 ||| Stepping ~*~*~tactically~*~*~ (stealth).
  3177 | D:4      | Found Wyehupso's Magic Scroll Emporium.
  3186 | D:4      | 3186 ||| BUYING 2 scrolls of identify (48 gold).
  3186 | D:4      | Bought 2 scrolls of identify for 48 gold pieces
  3186 | D:4      | 3186 ||| SHOPLISTING scroll of enchant armour (90 gold,
                  | have 29).
  3186 | D:4      | 3186 ||| SHOPLISTING scroll of enchant weapon (90 gold,
                  | have 29).
  3186 | D:4      | 3186 ||| BUYING scroll of identify (24 gold).
  3186 | D:4      | Bought a scroll of identify for 24 gold pieces
  3319 | D:4      | Found Latisol's Antique Armour Emporium.
  3322 | D:4      | 3322 ||| SHOPLISTING glowing scarf (208 gold, have 5).
  3354 | D:4      | 3354 ||| READING 2 scrolls labelled SIYCOFE CUILL.
  3355 | D:4      | 3355 ||| DRINKING 2 pink potions.
  3356 | D:4      | 3356 ||| READING 3 scrolls of identify.
  3356 | D:4      | 3356 ||| IDENTIFYING viscous coppery potion
  3357 | D:4      | 3357 ||| READING 2 scrolls of identify.
  3357 | D:4      | 3357 ||| IDENTIFYING murky clear potion
  3358 | D:4      | 3358 ||| DROPPING scroll of vulnerability.
  3394 | D:5      | Entered Level 5 of the Dungeon
  3398 | D:5      | 3398 ||| STAIRDANCE
  3414 | D:5      | Reached skill level 7 in Shields
  3479 | D:5      | 3479 ||| Stepping ~*~*~tactically~*~*~ (stealth).
  3481 | D:5      | 3481 ||| Stepping ~*~*~tactically~*~*~ (hiding).
  3498 | D:5      | 3498 ||| Stepping ~*~*~tactically~*~*~ (hiding).
  3501 | D:5      | 3501 ||| Stepping ~*~*~tactically~*~*~ (hiding).
  3510 | D:5      | 3510 ||| Stepping ~*~*~tactically~*~*~ (outnumbered).
  3511 | D:5      | 3511 ||| Stepping ~*~*~tactically~*~*~ (outnumbered).
  3512 | D:5      | 3512 ||| Stepping ~*~*~tactically~*~*~ (outnumbered).
  3513 | D:5      | 3513 ||| Stepping ~*~*~tactically~*~*~ (outnumbered).
  3514 | D:5      | 3514 ||| Stepping ~*~*~tactically~*~*~ (outnumbered).
  3515 | D:5      | 3515 ||| Stepping ~*~*~tactically~*~*~ (hiding).
  3517 | D:5      | 3517 ||| Stepping ~*~*~tactically~*~*~ (outnumbered).
  3548 | D:5      | 3548 ||| Stepping ~*~*~tactically~*~*~ (stealth).
  3552 | D:5      | 3552 ||| Stepping ~*~*~tactically~*~*~ (stealth).
  3554 | D:5      | 3554 ||| Stepping ~*~*~tactically~*~*~ (hiding).
  3597 | D:5      | 3597 ||| Stepping ~*~*~tactically~*~*~ (stealth).
  3611 | D:5      | 3611 ||| Stepping ~*~*~tactically~*~*~ (stealth).
  3768 | D:5      | 3768 ||| Stepping ~*~*~tactically~*~*~ (stealth).
  3769 | D:5      | 3769 ||| Stepping ~*~*~tactically~*~*~ (stealth).
  3778 | D:5      | Reached XP level 8. HP: 74/74 MP: 8/8
  4147 | D:5      | 4147 ||| READING 2 scrolls labelled NUN BAKYSAST.
  4148 | D:5      | 4148 ||| DROPPING scroll of fear.
  4253 | D:6      | Reached skill level 8 in Shields
  4351 | D:6      | 4351 ||| DRINKING potion of curing.
  4351 | D:6      | 4351 ||| (to cure confusion)
  4356 | D:6      | HP: 13/74 [ogre/+0 giant spiked club (22)]
  4357 | D:6      | 4357 ||| DRINKING 3 potions of heal wounds.
  4358 | D:6      | 4358 ||| DRINKING 2 potions of heal wounds.
  4359 | D:6      | HP: 3/74 [ogre/+0 giant spiked club (24)]
  4360 | D:6      | 4360 ||| DRINKING potion of heal wounds.
  4361 | D:6      | 4361 ||| INVOKING Fiery Armour.
  4362 | D:6      | 4362 ||| Stepping ~*~*~tactically~*~*~ (outnumbered).
  4363 | D:6      | 4363 ||| READING scroll of teleportation.
  4364 | D:6      | HP: 13/74 [poisoned by a scorpion]
  4365 | D:6      | 4365 ||| Stepping ~*~*~tactically~*~*~ (outnumbered).
  4409 | D:6      | 4409 ||| Stepping ~*~*~tactically~*~*~ (stealth).
  4413 | D:6      | 4413 ||| Stepping ~*~*~tactically~*~*~ (stealth).
  4433 | D:6      | 4433 ||| Stepping ~*~*~tactically~*~*~ (hiding).
  4601 | D:6      | Reached skill level 6 in Unarmed Combat
  4737 | D:6      | 4737 ||| DRINKING potion of curing.
  4737 | D:6      | 4737 ||| (to cure confusion)
  4738 | D:6      | 4738 ||| INVOKING Fiery Armour.
  4759 | D:6      | 4759 ||| READING scroll of enchant armour.
  4759 | D:6      | 4759 ||| ENCHANTING +0 cloak.
  4825 | D:6      | 4825 ||| Stepping ~*~*~tactically~*~*~ (outnumbered).
  4830 | D:6      | 4830 ||| Stepping ~*~*~tactically~*~*~ (stealth).
  4832 | D:6      | Reached skill level 9 in Shields
  4854 | D:6      | 4854 ||| Stepping ~*~*~tactically~*~*~ (outnumbered).
  4855 | D:6      | 4855 ||| INVOKING Fiery Armour.
  4857 | D:6      | 4857 ||| Stepping ~*~*~tactically~*~*~ (outnumbered).
  4862 | D:6      | Reached XP level 9. HP: 80/80 MP: 9/9
  5082 | D:6      | Found a staircase to the Ecumenical Temple.
  5197 | D:6      | 5197 ||| READING 2 scrolls of identify.
  5197 | D:6      | 5197 ||| IDENTIFYING fuming ruby potion
  5198 | D:6      | 5198 ||| Stepping randomly (stuck).
  5237 | D:7      | 5237 ||| INVOKING Fiery Armour.
  5238 | D:7      | 5238 ||| STAIRDANCE
  5247 | D:7      | 5247 ||| STAIRDANCE
  5249 | D:6      | 5249 ||| Stepping ~*~*~tactically~*~*~ (outnumbered).
  5267 | D:7      | 5267 ||| STAIRDANCE
  5289 | D:7      | Noticed a two-headed ogre
  5295 | D:7      | Killed a two-headed ogre
  5399 | D:7      | 5399 ||| INVOKING Fiery Armour.
  5524 | D:7      | Reached skill level 10 in Shields
  5708 | D:7      | 5708 ||| READING 2 scrolls of identify.
  5708 | D:7      | 5708 ||| IDENTIFYING bubbling coppery potion
  5709 | D:7      | 5709 ||| DROPPING potion of magic.
  5732 | D:8      | 5732 ||| Stepping ~*~*~tactically~*~*~ (outnumbered).
  5733 | D:8      | 5733 ||| Stepping ~*~*~tactically~*~*~ (outnumbered).
  5734 | D:8      | 5734 ||| Stepping ~*~*~tactically~*~*~ (outnumbered).
  5742 | D:8      | 5742 ||| Stepping ~*~*~tactically~*~*~ (outnumbered).
  5743 | D:8      | 5743 ||| Stepping ~*~*~tactically~*~*~ (outnumbered).
  5744 | D:8      | 5744 ||| Stepping ~*~*~tactically~*~*~ (outnumbered).
  5746 | D:8      | 5746 ||| Stepping ~*~*~tactically~*~*~ (outnumbered).
  5750 | D:8      | 5750 ||| Stepping ~*~*~tactically~*~*~ (outnumbered).
  5751 | D:8      | 5751 ||| Stepping ~*~*~tactically~*~*~ (outnumbered).
  5752 | D:8      | 5752 ||| Stepping ~*~*~tactically~*~*~ (outnumbered).
  5798 | D:8      | 5798 ||| Stepping ~*~*~tactically~*~*~ (hiding).
  5806 | D:8      | 5806 ||| INVOKING Fiery Armour.
  5807 | D:8      | 5807 ||| Stepping ~*~*~tactically~*~*~ (outnumbered).
  5812 | D:8      | Reached skill level 3 in Fighting
  5813 | D:8      | HP: 20/81 [orc warrior/+1 vorpal glaive (3)]
  5814 | D:8      | 5814 ||| DRINKING 2 potions of heal wounds.
  5823 | D:8      | HP: 19/81 [orc warrior/+1 vorpal glaive (3)]
  5824 | D:8      | 5824 ||| DRINKING potion of heal wounds.
  5887 | D:8      | 5887 ||| Stepping ~*~*~tactically~*~*~ (outnumbered).
  5898 | D:8      | HP: 9/81 [orc priest/divine providence (12)]
  5899 | D:8      | Reached skill level 3 in Throwing
  5900 | D:8      | Slain by a warg

Levels and vault maps discovered:
D:1:      scummos_arrival_gate, layout_rooms, ebering_ecumenical_altar_box
D:2:      layout_loops_ring, minmay_misc_feat_pillars
D:3:      layout_basic, serial_shops, nicolae_shop_waterfront, shop,
          shop_fountains, nicolae_shop_advertising_works
          [nicolae_subvault_shop_adworks], kennysheep_cluttered_room,
          uniq_sigmund, uniq_natasha, uniq_grinder
D:4:      layout_cave_pools, serial_shops, shop, kennysheep_mini_moat,
          nicolae_shop_temple_entry_statues_fountains, nicolae_shop_crystal,
          uniq_blork_the_orc
D:5:      wad_pebble_path, layout_loops_ring
D:6:      layout_rooms, lemuel_temple_firewalk_b,
          chequers_serial_rivers_micro_c, minmay_manual_monstrance
D:7:      layout_rooms, serial_park_tiny_2
D:8:      layout_cave_pods, mainiacjoe_overflow_swirl,
          erik_lair_orcish_takeover, enter_bailey_3, chequers_garden

Skill      XL: |  1  2  3  4  5  6  7  8  9 |
---------------+----------------------------+-----
Unarmed Combat | 4 5 6 8 |  8.7
Shields        | 2 4 6 7 9 10 | 10.0
Throwing       | 1 2 3 |  3.1
Fighting       | 3 |  3.0
Spellcasting   | |  1.0
Fire Magic     | |  2.1

Action                   |  1- 3 |  4- 6 |  7- 9 || total
-------------------------+-------+-------+-------++-------
Melee: Unarmed           |    76 |    49 |   284 ||   409
Throw: Javelin           |    25 |     6 |     6 ||    37
       Large rock        |       |       |    41 ||    41
Invok: Fiery Armour      |       |     3 |     7 ||    10
  Use: Scroll            |     6 |       |    12 ||    18
       Potion            |     2 |       |     8 ||    10
 Stab: Distracted        |       |       |     1 ||     1
Armor: Robe              |    27 |    13 |   120 ||   160
Dodge: Dodged            |    21 |    10 |    74 ||   105
Block: Tower shield      |    14 |    24 |   201 ||   239

Table legend:
 A = Non-vault XP
 B = Vault XP
 C = Vault XP percentage of total XP
 D = Non-vault monster count
 E = Vault monster count
 F = Vault count percentage of total count
                 A         B        C        D         E       F
            +---------+---------+-------+---------+---------+-------
      Total |    4094 |    1261 |  23.5 |     142 |      16 |  10.1
            +---------+---------+-------+---------+---------+-------
        D:1 |      25 |       0 |   0.0 |      14 |       0 |   0.0
        D:2 |      45 |       0 |   0.0 |      17 |       0 |   0.0
        D:3 |     218 |     538 |  71.2 |      21 |       3 |  12.5
        D:4 |      90 |      96 |  51.6 |      10 |       1 |   9.1
        D:5 |     623 |       0 |   0.0 |      26 |       0 |   0.0
        D:6 |    1379 |     410 |  22.9 |      29 |       8 |  21.6
        D:7 |    1359 |       0 |   0.0 |      14 |       0 |   0.0
        D:8 |     355 |     217 |  37.9 |      11 |       4 |  26.7
            +---------+---------+-------+---------+---------+-------
